[Event "Polar Capital Jersey Festival"]
[Site "St. Helier"]
[Date "2017.04.02"]
[Round "2"]
[White "Mooney, Graham"]
[Black "Haddock, Paul"]
[Result "1-0"]
[ECO "B07"]
[WhiteElo "1875"]
[BlackElo "1638"]
[Annotator "NA RC"]
[PlyCount "93"]
[EventDate "2017.??.??"]
[EventCountry "JCI"]
[SourceTitle "playchess.com"]
[Source "ChessBase"]
[SourceQuality "1"]
[TimeControl "5400+30"]

1. e4 d6 2. d4 Nf6 3. Nc3 g6 4. Be3 Bg7 5. f3 O-O 6. Qd2 c6 7. O-O-O {LiveBook: 52 Games} Qa5 8. Kb1 {B07: Pirc Defence: Miscellaneous Systems} b5 9. Nd5 Qxd2 10. Nxe7+ Kh8 11. Rxd2 Bb7 {[#]} 12. d5 $1 cxd5 13. Nxd5 $146 Nxd5 14. exd5 Re8 15. Bf2 a6 16. c4 (16. Nh3 {1-0 (50) Adhiban,B (2481)-Kamps,J (2041) Leiden 2009}) 16... bxc4 17. Bxc4 Nd7 18. Nh3 Ne5 19. Bb3 Bh6 20. Rdd1 a5 21. Ba4 Rec8 22. Bd4 f6 23. f4 Bxd5 24. fxe5 Be4+ 25. Ka1 dxe5 26. Bc3 Bxg2 27. Bd7 Bxh3 28. Bxh3 Re8 29. Bg2 Ra7 30. Rd5 a4 31. Rhd1 Rae7 32. a3 Bg5 33. Bb4 Re6 $2 (33... Rg7 34. Bf1 Ra8) 34. Rd8 e4 35. Bh3 f5 36. Bc3+ Kg8 37. Bf1 Kf8 38. R8d7 e3 $2 (38... Be7 39. Ra7 Rb8) 39. Bg7+ Kg8 40. Bc4 R8e7 41. Bc3 Kf7 (41... Kf8 $142 42. Bb4 Re5) 42. R7d6 f4 43. Rxe6 Rxe6 44. Rd6 f3 45. Rxe6 Kf8 46. Bd4 e2 47. Bxe2 $18 1-0

[Event "Polar Capital Jersey Festival"]
[Site "St. Helier"]
[Date "2017.04.04"]
[Round "5"]
[White "Klingher, Dominic"]
[Black "Heppell, Ian N"]
[Result "1-0"]
[ECO "C28"]
[WhiteElo "2116"]
[BlackElo "2081"]
[Annotator "NA"]
[PlyCount "107"]
[EventDate "2017.??.??"]
[EventCountry "JCI"]
[SourceTitle "playchess.com"]
[Source "ChessBase"]
[SourceQuality "1"]
[TimeControl "5400+30"]

1. e4 e5 2. Nc3 Nf6 3. Bc4 Nc6 4. d3 Bb4 5. Bg5 h6 6. Bh4 g5 {C28: Vienna Game: 2...Nf6 3 Bc4 Nc6} (6... Bxc3+ 7. bxc3 d6 8. Ne2 Be6 9. Bb3 Qe7 10. Bxf6 Qxf6 11. O-O O-O 12. Qd2 Qg5 13. f4 exf4 14. Qxf4 {½-½ (14) Mamedov,R (2638)-Tomashevsky,E (2664) Budva 2009}) 7. Bg3 d5 8. exd5 Nxd5 9. Nge2 {LiveBook: 3 Games} Be6 10. Bb5 Qf6 $146 (10... Bxc3+ 11. bxc3 Nf4 12. Bxc6+ bxc6 13. O-O O-O 14. f3 {½-½ (29) Watson,W (2470)-Emms,J (2400) Eastbourne 1990}) 11. a3 Bxc3+ 12. Nxc3 Nxc3 (12... Nde7 $1 $11) 13. bxc3 (13. Bxc6+ $14 bxc6 14. bxc3) 13... Bd7 14. O-O O-O-O $1 15. Re1 Rhe8 16. Qh5 Qg7 17. Rab1 f5 18. f3 Re7 19. Bf2 a6 20. Bc4 f4 21. Bc5 Be8 22. Qh3+ Bd7 23. g4 Ree8 24. Rb2 Be6 25. Bxe6+ Rxe6 26. Qf1 Qd7 27. Bf2 Qd5 28. Re4 b6 29. Qb1 {[#]} (29. Rb1 $15) 29... Qa5 (29... h5 $1 $17 {Threatens to win with ...hxg4.} 30. c4 (30. gxh5 Rh6 31. Bxb6 Rxh5 32. Bxc7 Kxc7 33. Rb7+ Kd6 $11) 30... Qd7) 30. Rb3 Ne7 31. Qe1 Nc6 32. Qe2 Red6 33. Kg2 h5 34. c4 Rd4 35. Be1 Qc5 36. Bb4 Rxe4 37. Qxe4 Qe3 $11 38. Qxe3 fxe3 39. gxh5 Nd4 40. Rb1 Nxc2 41. Be7 Rh8 42. Rc1 e2 43. Bb4 Nxb4 44. axb4 Rxh5 45. Re1 Kd7 46. Rxe2 Kd6 47. Kg3 Rh4 48. Ra2 Rd4 49. Ra3 Kc6 50. Kf2 Rh4 51. Ke3 Rxh2 52. Rxa6 Rh3 53. Ke4 Kd7 54. Ra8 1-0

[Event "Polar Capital Jersey Festival"]
[Site "St. Helier"]
[Date "2017.04.04"]
[Round "5"]
[White "Waddington, Mike P"]
[Black "Brookfield, Toby"]
[Result "1/2-1/2"]
[ECO "A21"]
[WhiteElo "2061"]
[BlackElo "1903"]
[Annotator "NA"]
[PlyCount "53"]
[EventDate "2017.??.??"]
[EventCountry "JCI"]
[SourceTitle "playchess.com"]
[Source "ChessBase"]
[SourceQuality "1"]
[TimeControl "5400+30"]

1. c4 f5 2. Nc3 Nf6 3. g3 d6 4. Bg2 e5 5. d3 Be7 {LiveBook: 244 Games} 6. Rb1 a5 7. a3 O-O 8. b4 axb4 9. axb4 Qe8 10. e3 Bd8 11. Nge2 Nc6 12. b5 Ne7 13. O-O f4 14. exf4 Qh5 15. f3 c6 16. bxc6 bxc6 17. fxe5 dxe5 18. Be3 Bh3 19. Qd2 Bxg2 $16 20. Kxg2 Nf5 21. Bc5 Re8 22. Bf2 Bc7 23. Rb7 e4 24. dxe4 Rad8 25. Qc2 Qg5 26. exf5 Rd2 27. Qa4 1/2-1/2

[Event "Polar Capital Jersey Festival"]
[Site "St. Helier"]
[Date "2017.04.04"]
[Round "5"]
[White "Wojciechowski, Paul"]
[Black "Thalwitzer, David"]
[Result "1/2-1/2"]
[ECO "B77"]
[WhiteElo "1979"]
[BlackElo "2114"]
[Annotator "NA"]
[PlyCount "82"]
[EventDate "2017.??.??"]
[EventCountry "JCI"]
[SourceTitle "playchess.com"]
[Source "ChessBase"]
[SourceQuality "1"]
[TimeControl "5400+30"]

1. e4 c5 2. Nf3 g6 3. d4 cxd4 4. Nxd4 Nc6 5. Nc3 d6 6. Be3 Nf6 7. f3 Bg7 8. Qd2 O-O 9. Bc4 (9. O-O-O $16) 9... Bd7 10. h4 h5 11. O-O-O Rc8 12. Bb3 Ne5 13. Bg5 Rc5 14. Kb1 b5 15. g4 hxg4 {LiveBook: 52 Games} 16. h5 Nxh5 17. Rxh5 $2 (17. Nd5 $16 {and life is bright.} Re8 18. fxg4 Bxg4 19. Rdg1) 17... gxh5 18. Nd5 {[#]} Rxd5 $1 19. Bxd5 gxf3 (19... Nxf3 $142 20. Nxf3 gxf3) 20. Qh2 (20. Rg1 $17 {keeps fighting.} Bg4 21. Nf5) 20... Bg4 21. Nf5 Ng6 22. Rg1 Be5 23. Qh1 Bxf5 24. exf5 f2 $18 25. fxg6 fxg1=Q+ 26. Qxg1 Qc8 27. Bxe7 Qg4 28. Qxg4 hxg4 29. Bxf8 Kxf8 30. gxf7 Ke7 31. a3 Bg7 32. Kc1 g3 33. b3 Kf6 34. Kd2 Ke5 35. Bf3 Ke6 36. Ke2 Kxf7 37. Bc6 a6 38. Kf3 Be5 39. Bb7 a5 40. b4 axb4 41. axb4 Bc3 1/2-1/2

[Event "Polar Capital Jersey Festival"]
[Site "St. Helier"]
[Date "2017.04.05"]
[Round "6"]
[White "Thalwitzer, David"]
[Black "Robertson, Ian C"]
[Result "1-0"]
[ECO "C02"]
[WhiteElo "2114"]
[BlackElo "2053"]
[Annotator "ChessBase"]
[PlyCount "83"]
[EventDate "2017.??.??"]
[EventCountry "JCI"]
[SourceTitle "playchess.com"]
[Source "ChessBase"]
[SourceQuality "1"]
[TimeControl "5400+30"]

1. e4 e6 2. d4 d5 3. e5 c5 4. c3 Nc6 5. Nf3 Nh6 6. a3 f6 7. b4 cxb4 8. cxb4 fxe5 9. dxe5 Nf7 10. Bb2 Bd7 11. Nbd2 Qb8 12. Qe2 a6 13. Nb3 b5 14. g3 Be7 15. Rc1 O-O 16. Nc5 Bxc5 17. Rxc5 Rc8 18. Bh3 Ncd8 19. Rxc8 Qxc8 20. O-O Ra7 21. Nd4 Rc7 22. f4 Rc4 23. f5 Ng5 24. Bg2 Nc6 25. Nxe6 Bxe6 26. fxe6 Qxe6 27. Qf2 h6 28. Qf8+ Kh7 29. h4 Ne4 30. Rf7 Qg6 31. e6 Nd4 32. Bxe4 dxe4 33. Bxd4 Qxg3+ 34. Kh1 Qxh4+ 35. Kg2 Qg4+ 36. Kh2 Rxd4 37. e7 Rd2+ 38. Rf2 Qh4+ 39. Kg2 Rxf2+ 40. Qxf2 Qxe7 41. Qf5+ g6 42. Qc5 1-0

[Event "Polar Capital Jersey Festival"]
[Site "St. Helier"]
[Date "2017.04.05"]
[Round "6"]
[White "Hickman, John E"]
[Black "Klingher, Dominic"]
[Result "0-1"]
[ECO "C41"]
[WhiteElo "1897"]
[BlackElo "2116"]
[Annotator "ChessBase"]
[PlyCount "64"]
[EventDate "2017.??.??"]
[EventCountry "JCI"]
[SourceTitle "playchess.com"]
[Source "ChessBase"]
[SourceQuality "1"]
[TimeControl "5400+30"]

1. Nf3 d6 2. e4 Nf6 3. Nc3 Nbd7 4. d4 e5 5. g3 Be7 6. Bg2 c6 7. O-O h6 8. a4 O-O 9. h3 Qc7 10. Be3 Re8 11. Qd2 Bf8 12. dxe5 dxe5 13. Nh4 Nc5 14. Rad1 a5 15. Kh2 Be6 16. b3 Rad8 17. Qc1 Bc8 18. Rxd8 Rxd8 19. f4 exf4 20. gxf4 Re8 21. e5 Rxe5 22. fxe5 Qxe5+ 23. Bf4 Qxc3 24. Nf3 Nd5 25. Be5 Qb4 26. Bg3 Ne4 27. Be5 f6 28. Bb8 Bd6+ 29. Bxd6 Qxd6+ 30. Kg1 Bxh3 31. Qe1 Bxg2 32. Kxg2 Qf4 0-1

[Event "Polar Capital Jersey Festival"]
[Site "St. Helier"]
[Date "2017.04.05"]
[Round "6"]
[White "Ingham, H William"]
[Black "Mooney, Graham"]
[Result "1/2-1/2"]
[ECO "A40"]
[WhiteElo "1860"]
[BlackElo "1875"]
[Annotator "NA"]
[PlyCount "36"]
[EventDate "2017.??.??"]
[EventCountry "JCI"]
[SourceTitle "playchess.com"]
[Source "ChessBase"]
[SourceQuality "1"]
[TimeControl "5400+30"]

1. d4 d6 2. Nf3 g6 3. Bf4 Bg7 4. e3 c5 5. c3 cxd4 6. cxd4 Nf6 7. Be2 O-O 8. O-O Nbd7 9. Nc3 b6 10. Rc1 Bb7 11. a4 Nd5 12. Nxd5 Bxd5 13. Nd2 Nf6 14. Bf3 Bxf3 15. Qxf3 Qd7 16. Qc6 Rac8 17. Qxd7 Nxd7 18. Nb3 Nf6 1/2-1/2

[Event "Polar Capital Jersey Festival"]
[Site "St. Helier"]
[Date "2017.04.06"]
[Round "7"]
[White "House, Glenn L"]
[Black "Pleasants, Allan J"]
[Result "1-0"]
[ECO "A07"]
[WhiteElo "2211"]
[BlackElo "1982"]
[Annotator "NA"]
[PlyCount "81"]
[EventDate "2017.??.??"]
[EventCountry "JCI"]
[SourceTitle "playchess.com"]
[Source "ChessBase"]
[SourceQuality "1"]
[TimeControl "5400+30"]

1. Nf3 g6 2. g3 Bg7 3. Bg2 Nf6 4. O-O O-O 5. d3 d5 6. Nbd2 Nc6 7. e4 {LiveBook: 185 Games A07: Réti Opening: New York and Capablanca Systems} Rb8 $146 (7... e5 8. exd5 Nxd5 9. Re1 Re8 10. c3 a5 11. a4 h6 12. Nc4 Nb6 13. Nxb6 cxb6 14. Be3 Be6 15. Nd2 f5 16. Nc4 Bxc4 17. dxc4 e4 18. Qxd8 Raxd8 19. Red1 Ne5 {1-0 (60) Bachmann,A (2628)-Shirov,A (2683) Florianopolis 2017}) 8. Re1 Bg4 9. h3 Bxf3 10. Qxf3 Nd4 11. Qd1 dxe4 12. dxe4 Nd7 13. Nb3 Nb6 14. c3 Ne6 15. Qe2 c5 16. Be3 Qc7 17. a4 Nd7 18. f4 b6 19. Red1 Rbd8 20. a5 c4 21. axb6 axb6 22. Nd4 Nxd4 23. cxd4 b5 24. Rac1 Nb6 25. Qf2 Qd7 26. d5 Na4 27. e5 $16 g5 28. Qc2 gxf4 29. gxf4 f6 30. e6 Qe8 31. f5 Qh5 32. d6 Rxd6 33. Rxd6 exd6 34. b3 cxb3 35. Qxb3 Kh8 36. Qxb5 Bh6 37. Bxh6 Qxh6 38. Re1 Rg8 39. e7 Nc3 40. Qc6 Qd2 41. e8=Q 1-0

[Event "Polar Capital Jersey Festival"]
[Site "St. Helier"]
[Date "2017.04.06"]
[Round "7"]
[White "Klingher, Dominic"]
[Black "Rudd, Jack"]
[Result "0-1"]
[ECO "A00"]
[WhiteElo "2116"]
[BlackElo "2177"]
[Annotator "NA"]
[PlyCount "56"]
[EventDate "2017.??.??"]
[EventCountry "JCI"]
[SourceTitle "playchess.com"]
[Source "ChessBase"]
[SourceQuality "1"]
[TimeControl "5400+30"]

1. d3 e5 2. Nd2 {A00: Irregular Openings} (2. g3 Nc6 3. Bg2 g6 4. c4 Bg7 5. Nc3 Nge7 6. e3 O-O 7. Nge2 d6 8. O-O Be6 9. Nd5 Qd7 10. Nec3 Nc8 11. b4 Nd8 12. Ne4 f5 13. Ng5 c6 14. Nxe6 Nxe6 15. Nc3 Ne7 16. b5 f4 17. bxc6 bxc6 {0-1 (36) Kadric,D (2537)-Stankovic,M (2424) ICC INT 2015}) 2... f5 3. e4 Nf6 4. Ngf3 Nc6 5. Be2 $146 (5. c3 Bc5 6. b4 Bb6 7. Be2 d5 8. b5 fxe4 9. dxe4 Ne7 {1-0 (30) Bouhallel,R (2339)-Marie,M (2137) Avoine 2004}) 5... Bc5 6. c3 d6 7. b4 Bb6 8. a4 a6 9. O-O O-O 10. Nc4 Ba7 11. Qc2 Ne7 12. Ba3 Ng6 13. Rfd1 Nf4 14. Bf1 Qe8 15. b5 fxe4 16. dxe4 Qg6 17. b6 $2 (17. g3 $17 {only move.} Nxe4 18. b6 Ng5 19. Qxg6 Nxf3+ 20. Kh1 Nxg6 21. bxc7 $17) 17... Nh3+ $1 18. Kh1 Nxe4 19. Rd2 Rxf3 ({Don't do} 19... Nxd2 20. Qxd2 Rxf3 21. Qd5+ Rf7 22. gxh3 $19) ({Weaker is} 19... cxb6 20. Ncxe5 dxe5 21. Bxf8 Nxd2 22. Qxd2 $17) 20. gxh3 Bf5 ({Not} 20... Nxd2 21. Qxd2 Qe4 22. Re1) (20... cxb6 $2 {[#]} 21. Nxe5 $1 Nxf2+ 22. Rxf2 Qxc2 23. Rxc2 dxe5 24. Bg2 $19) ({Weaker is} 20... Bxh3 21. Bxh3 Rxh3 22. bxa7 Nxd2 23. Qxg6 hxg6 24. Nxd2 $19) 21. Qa2 Nxd2 22. Nxd2+ (22. Nxe5+ $142 Be6 23. Qxd2 dxe5 24. bxa7) 22... Be6 23. Bc4 Rxf2 24. Bxe6+ Kh8 25. Rg1 Qd3 26. Bc1 Bxb6 (26... Qe2 $142 27. Rg2 Rxg2 28. bxa7 Rxh2+ 29. Kg1 Qg2#) 27. Qc4 Rxd2 28. Qg4 Bxg1 0-1

[Event "Polar Capital Jersey Festival"]
[Site "St. Helier"]
[Date "2017.04.06"]
[Round "7"]
[White "Kirby, Peter J"]
[Black "Heppell, Ian N"]
[Result "1/2-1/2"]
[ECO "A81"]
[WhiteElo "1985"]
[BlackElo "2081"]
[Annotator "NA"]
[PlyCount "55"]
[EventDate "2017.??.??"]
[EventCountry "JCI"]
[SourceTitle "playchess.com"]
[Source "ChessBase"]
[SourceQuality "1"]
[TimeControl "5400+30"]

1. Nf3 d6 2. d4 f5 3. g3 Nf6 4. Bg2 g6 5. O-O Bg7 6. b4 O-O 7. Bb2 {LiveBook: 178 Games} c6 8. c4 {A81: Dutch Defence: 2 g3} Qc7 (8... Kh8 9. Nbd2 Be6 10. Qc2 Nbd7 11. Rfe1 Bg8 12. a4 a6 13. a5 d5 14. Ne5 Ne4 15. cxd5 cxd5 {1-0 (35) Aleksandrov,A (2574)-Lu,S (2627) Doha 2016}) 9. Qb3 Ne4 $146 (9... Kh8 10. Nbd2 h6 11. Nh4 Kh7 12. e4 e6 13. f4 d5 14. cxd5 cxd5 15. Rac1 Qb6 {0-1 (50) Serik,M (2261)-Pasko,A (2406) Dnipropetrovsk 2006}) 10. Nc3 Nxc3 11. Bxc3 Nd7 12. a4 Nf6 13. Nd2 Bd7 14. b5 Rab8 15. Rab1 e6 16. b6 axb6 17. Qxb6 Qc8 18. a5 Rd8 19. Rb2 Ne8 20. Rfb1 d5 21. a6 Nd6 22. cxd5 exd5 23. e3 Nb5 24. Ba5 Re8 $2 (24... bxa6 {keeps fighting.} 25. Qxd8+ Qxd8 26. Bxd8 Rxd8) 25. a7 Ra8 $18 26. Bf1 Nxa7 27. Qxb7 Nb5 28. Qxc8 1/2-1/2

[Event "Polar Capital Jersey Festival"]
[Site "St. Helier"]
[Date "2017.04.07"]
[Round "8"]
[White "Hall, Alan"]
[Black "Mooney, Graham"]
[Result "1-0"]
[ECO "A45"]
[WhiteElo "1771"]
[BlackElo "1875"]
[Annotator "NA RC"]
[PlyCount "165"]
[EventDate "2017.??.??"]
[EventCountry "JCI"]
[SourceTitle "playchess.com"]
[Source "ChessBase"]
[SourceQuality "1"]
[TimeControl "5400+30"]

1. d4 Nf6 2. Bf4 d5 3. e3 Bf5 4. Nf3 e6 5. Nbd2 Be7 6. h3 {[%emt 0:01:44] D02: 1 d4 d5 2 Nf3 sidelines, including 2...Nf6 3 g3 and 2...Nf6 3 Bf4} O-O (6... h6 7. Be2 Nbd7 8. O-O O-O 9. c4 Ne4 10. Qb3 dxc4 11. Nxc4 b6 12. Rfd1 Nd6 13. Nce5 Be4 {1-0 (47) Gemy Vargas,J (2406)-Sztokbant,B (2237) Buenos Aires 2015}) 7. Be2 c5 8. O-O Qb6 $146 (8... Nc6 9. dxc5 Bxc5 10. a3 a5 11. c4 dxc4 12. Nxc4 Nd5 13. Bg3 {1-0 (50) Szczepkowska,K (2041)-Szydlowska,M (2040) Poland 2002}) 9. Qc1 Nc6 10. c3 Rac8 11. dxc5 Bxc5 12. Nh4 Bg6 13. Nxg6 hxg6 14. Nb3 Be7 15. Nd4 Bc5 16. Rd1 Rfe8 17. Nxc6 Rxc6 18. a4 e5 19. Bh2 a6 20. a5 Qa7 21. Bf3 e4 22. Be2 Bd6 23. Bxd6 Rxd6 24. Qd2 Red8 25. Ra4 Nd7 26. Rxe4 Nc5 27. Rb4 Ne4 28. Qc1 Qb8 29. Rbd4 Qc7 30. Bf3 Nf6 31. b4 R6d7 32. R1d3 Qe5 33. Qd1 Rc8 34. g3 Rdc7 35. Qd2 Ne4 36. Bxe4 dxe4 37. Rd8+ Kh7 38. Rxc8 Rxc8 39. Rd4 f5 40. c4 Qe6 41. Qc3 g5 42. c5 Rc6 43. Qc4 Qf6 44. Qd5 Rc7 45. Qd6 Qf7 46. Rd5 Re7 47. Kg2 g6 48. Re5 Rd7 49. Qe6 Kg7 50. Qe8 Qxe8 51. Rxe8 Kf7 52. Rc8 Ke6 53. c6 bxc6 54. Rxc6+ Rd6 55. Rc4 Kd5 56. Rc5+ Ke6 57. Kf1 Kd7 58. Ke2 Rd3 59. g4 Rb3 60. gxf5 Rb2+ 61. Kf1 gxf5 62. Rxf5 Rxb4 63. Rf6 Kc7 64. Rxa6 Ra4 65. Kg2 Kb7 $2 (65... Ra1 66. Re6 Rxa5 67. Rxe4 Kd6) 66. Re6 Rxa5 67. Rxe4 Kc6 68. Kg3 Kd6 69. Kg4 Ra2 70. f3 Rg2+ 71. Kf5 Rg3 72. f4 gxf4 73. exf4 Rxh3 74. Kg5 Rh8 75. f5 Rf8 76. Kg6 Rg8+ 77. Kf7 Rg1 (77... Rg2 ) 78. f6 Kd5 79. Re7 Rg2 80. Kf8 Kd6 81. Rg7 Re2 82. f7 Ra2 83. Kg8 1-0